NYP
HUDSON VALLEY RENEGADES @ MAHONING VALLEY SCRAPPERS
05/03/2048
 
TOP OF THE 1ST
Hudson Valley Renegades batting - Pitching for Mahoning Valley Scrappers : RHP Steven Costanza
Pitching: RHP Steven Costanza
Batting: LHB Dan Hunt 0-0: Ball
1-0: Ball
2-0: TRIPLE (Flyball, 89XD, EV 90.6 MPH)
Batting: SHB Josif Popovski 0-0: Ball
1-0: Foul Ball, location: 2F
1-1: Fly out, F8 (Flyball, 78D, EV 106.2 MPH)
Batting: LHB Jonathan Spino 0-0: Ball
1-0: Ball
2-0: Called Strike
2-1: Called Strike
2-2: Foul Ball, location: 2F
2-2: Strikes out swinging
Batting: RHB Alex Koral 0-0: Called Strike
0-1: Ball
Passed Ball!
Dan Hunt scores
1-1: Ball
2-1: Foul Ball, location: 2F
2-2: Ball
3-2: Foul Ball, location: 2F
3-2: Foul Ball, location: 2F
3-2: Strikes out swinging
Top of the 1st over - 1 run, 1 hit, 0 errors, 0 left on base; Hudson Valley 1 - Mahoning Valley 0
BOTTOM OF THE 1ST
Mahoning Valley Scrappers batting - Pitching for Hudson Valley Renegades : RHP Adam Householder
Pitching: RHP Adam Householder
Batting: RHB Ricky Cordova 0-0: Called Strike
0-1: Ball
1-1: Fly out, F6 (Flyball, 4MD, EV 92.5 MPH)
Batting: RHB Leo Candelas 0-0: Called Strike
0-1: Ball
1-1: Ball
2-1: Ball
3-1: Foul Ball, location: 2F
3-2: Fly out, F8 (Flyball, 8RD, EV 91.9 MPH)
Batting: LHB Matt Steinke 0-0: Foul Ball, location: 2F
0-1: Ball
1-1: Called Strike
1-2: Foul Ball, location: 2F
1-2: Ground out 4-3 (Groundball, 4, EV 81.9 MPH)
Bottom of the 1st over - 0 runs, 0 hits, 0 errors, 0 left on base; Hudson Valley 1 - Mahoning Valley 0
TOP OF THE 2ND
Hudson Valley Renegades batting - Pitching for Mahoning Valley Scrappers : RHP Steven Costanza
Batting: SHB Joshua Jackson 0-0: Called Strike
0-1: Ball
1-1: SINGLE (Groundball, 6M, EV 86.9 MPH) (infield hit)
Batting: LHB Jimmy Detrie 0-0: Foul Ball, location: 2F
0-1: Ball
1-1: Ball
2-1: Called Strike
2-2: Ball
3-2: Foul Ball, location: 2F
3-2: Grounds into double play, 5-4-3 (Groundball, 5, EV 105.0 MPH)
Batting: RHB Jon Gonzales 0-0: Called Strike
0-1: Ground out 1-3 (Groundball, 13S, EV 66.9 MPH)
Top of the 2nd over - 0 runs, 1 hit, 0 errors, 0 left on base; Hudson Valley 1 - Mahoning Valley 0
BOTTOM OF THE 2ND
Mahoning Valley Scrappers batting - Pitching for Hudson Valley Renegades : RHP Adam Householder
Batting: RHB John Shaffer 0-0: Ball
1-0: Called Strike
1-1: Ground out 5-3 (Groundball, 5S, EV 60.6 MPH)
Batting: RHB Jonathan Livingston 0-0: Swinging Strike
0-1: Called Strike
0-2: DOUBLE (Line Drive, 89D, EV 113.8 MPH)
Batting: RHB Michael Powell 0-0: 2-RUN HOME RUN (Flyball, 78XD, EV 111.2 MPH), Distance : 428 ft
Batting: RHB Jesus Montana 0-0: Ball
1-0: Ball
2-0: Ball
3-0: Called Strike
3-1: Base on Balls
Batting: RHB Jaquan Brown 0-0: Called Strike
0-1: Ball
1-1: Called Strike
1-2: Strikes out looking
Batting: RHB Juan Ordonez 0-0: Ball
Jesus Montana steals 2nd, throwing error, E2
Jesus Montana to third
1-0: Foul Ball, location: 2F
1-1: Fly out, F9 (Flyball, 89M, EV 81.9 MPH)
Bottom of the 2nd over - 2 runs, 2 hits, 1 error, 1 left on base; Hudson Valley 1 - Mahoning Valley 2
TOP OF THE 3RD
Hudson Valley Renegades batting - Pitching for Mahoning Valley Scrappers : RHP Steven Costanza
Batting: RHB Mark Richert 0-0: Ball
1-0: Swinging Strike
1-1: Ball
2-1: Ball
3-1: Ground out 6-3 (Groundball, 6, EV 98.8 MPH)
Batting: SHB Chris Lockart 0-0: Ground out 6-3 (Groundball, 6, EV 80.6 MPH)
Batting: LHB Dan Hunt 0-0: Ball
1-0: Foul Ball, location: 2F
1-1: SINGLE (Groundball, 6M, EV 106.9 MPH) (infield hit)
Batting: SHB Josif Popovski 0-0: Called Strike
Dan Hunt is caught stealing 2nd base 2-6
Top of the 3rd over - 0 runs, 1 hit, 0 errors, 0 left on base; Hudson Valley 1 - Mahoning Valley 2
BOTTOM OF THE 3RD
Mahoning Valley Scrappers batting - Pitching for Hudson Valley Renegades : RHP Adam Householder
Batting: RHB Ricky Cordova 0-0: Ball
1-0: Ball
2-0: Called Strike
2-1: Ball
3-1: Called Strike
3-2: Foul Ball, location: 2F
3-2: Ground out 6-3 (Groundball, 6M, EV 103.8 MPH)
Batting: RHB Leo Candelas 0-0: Called Strike
0-1: Foul Ball, location: 2F
0-2: Fly out, F8 (Flyball, 8RM, EV 88.8 MPH)
Batting: LHB Matt Steinke 0-0: Called Strike
0-1: Ball
1-1: TRIPLE (Flyball, 8RXD, EV 91.9 MPH)
Batting: RHB John Shaffer 0-0: Ball
1-0: Foul Ball, location: 2F
1-1: Ball
2-1: Ball
3-1: Base on Balls
Batting: RHB Jonathan Livingston 0-0: Called Strike
0-1: Fielders Choice at 2nd, 6-4 (Groundball, 56D, EV 90.6 MPH)
Bottom of the 3rd over - 0 runs, 1 hit, 0 errors, 2 left on base; Hudson Valley 1 - Mahoning Valley 2
TOP OF THE 4TH
Hudson Valley Renegades batting - Pitching for Mahoning Valley Scrappers : RHP Steven Costanza
Batting: SHB Josif Popovski 0-0: Ground out 6-3 (Groundball, 6, EV 84.4 MPH)
Batting: LHB Jonathan Spino 0-0: Foul Ball, location: 2F
0-1: Called Strike
0-2: Foul Ball, location: 2F
0-2: Strikes out swinging
Batting: RHB Alex Koral 0-0: Foul Ball, location: 2F
0-1: Ground out U3 (Groundball, 3S, EV 65.6 MPH)
Top of the 4th over - 0 runs, 0 hits, 0 errors, 0 left on base; Hudson Valley 1 - Mahoning Valley 2
BOTTOM OF THE 4TH
Mahoning Valley Scrappers batting - Pitching for Hudson Valley Renegades : RHP Adam Householder
Batting: RHB Michael Powell 0-0: Ball
1-0: Ball
2-0: SINGLE (Flyball, 89S, EV 91.2 MPH)
Batting: RHB Jesus Montana 0-0: Ball
Wild Pitch!
Michael Powell to second
1-0: Ball
2-0: Called Strike
2-1: Foul Ball, location: 2F
2-2: Foul Ball, location: 2F
2-2: Strikes out looking
Batting: RHB Jaquan Brown 0-0: Fly out, F7 (Line Drive, 7, EV 98.8 MPH)
Batting: RHB Juan Ordonez 0-0: Ball
1-0: Ball
2-0: Ball
3-0: Called Strike
3-1: Base on Balls
Batting: RHB Ricky Cordova 0-0: Ball
1-0: Ball
Wild Pitch!
Michael Powell to third
Juan Ordonez to second
2-0: 3-RUN HOME RUN (Flyball, 78XD, EV 100.0 MPH), Distance : 416 ft
Pitching: RHP Takenori Iwata
Batting: RHB Leo Candelas 0-0: Called Strike
0-1: Fly out, F6 (Line Drive, 6M, EV 75.6 MPH)
Bottom of the 4th over - 3 runs, 2 hits, 0 errors, 0 left on base; Hudson Valley 1 - Mahoning Valley 5
TOP OF THE 5TH
Hudson Valley Renegades batting - Pitching for Mahoning Valley Scrappers : RHP Steven Costanza
Batting: SHB Joshua Jackson 0-0: Ball
1-0: Called Strike
1-1: Ball
2-1: Ball
3-1: Fly out, F7 (Flyball, 78D, EV 91.9 MPH)
Batting: LHB Jimmy Detrie 0-0: Ball
1-0: Foul Ball, location: 2F
1-1: Swinging Strike
1-2: Strikes out swinging, 2-3 out at first.
Batting: RHB Jon Gonzales 0-0: SINGLE (Line Drive, 7S, EV 101.9 MPH)
Batting: RHB Mark Richert 0-0: Ball
1-0: Called Strike
1-1: DOUBLE (Line Drive, 5D, EV 97.5 MPH)
Jon Gonzales to third
Batting: SHB Chris Lockart 0-0: Ball
1-0: Foul Ball, location: 2F
1-1: Foul Ball, location: 2F
1-2: Foul Ball, location: 2F
1-2: Strikes out swinging
Top of the 5th over - 0 runs, 2 hits, 0 errors, 2 left on base; Hudson Valley 1 - Mahoning Valley 5
BOTTOM OF THE 5TH
Mahoning Valley Scrappers batting - Pitching for Hudson Valley Renegades : RHP Takenori Iwata
Batting: LHB Matt Steinke 0-0: Fly out, F7 (Flyball, 7D, EV 99.4 MPH)
Batting: RHB John Shaffer 0-0: Called Strike
0-1: Ball
1-1: Called Strike
1-2: Foul Ball, location: 2F
1-2: Ball
2-2: SINGLE (Flyball, 3D, EV 88.1 MPH)
Batting: RHB Jonathan Livingston 0-0: Ball
1-0: Ball
2-0: Ball
3-0: Base on Balls
John Shaffer to second
Batting: RHB Michael Powell 0-0: Fly out, F9 (Flyball, 89M, EV 83.1 MPH)
Batting: RHB Jesus Montana 0-0: Swinging Strike
0-1: SINGLE (Groundball, 56S, EV 75.0 MPH) (infield hit)
John Shaffer to third
Jonathan Livingston to second
Batting: RHB Jaquan Brown 0-0: Ball
1-0: Fly out, F8 (Flyball, 8LD, EV 92.5 MPH)
Bottom of the 5th over - 0 runs, 2 hits, 0 errors, 3 left on base; Hudson Valley 1 - Mahoning Valley 5
TOP OF THE 6TH
Hudson Valley Renegades batting - Pitching for Mahoning Valley Scrappers : RHP Steven Costanza
Batting: LHB Dan Hunt 0-0: Foul Ball, location: 2F
0-1: Ground out 6-3 (Groundball, 6, EV 90.0 MPH)
Batting: SHB Josif Popovski 0-0: Swinging Strike
0-1: SINGLE (Line Drive, 6MD, EV 95.0 MPH)
Batting: LHB Jonathan Spino 0-0: Called Strike
0-1: Called Strike
0-2: Ball
1-2: Ball
Josif Popovski is caught stealing 2nd base 2-6
2-2: Ball
3-2: Fly out, F9 (Flyball, 9LM, EV 98.1 MPH)
Top of the 6th over - 0 runs, 1 hit, 0 errors, 0 left on base; Hudson Valley 1 - Mahoning Valley 5
BOTTOM OF THE 6TH
Mahoning Valley Scrappers batting - Pitching for Hudson Valley Renegades : RHP Takenori Iwata
Batting: RHB Juan Ordonez 0-0: Foul Ball, location: 2F
0-1: Foul Ball, location: 2F
0-2: Ball
1-2: Ball
2-2: Foul Ball, location: 2F
2-2: Foul Ball, location: 2F
2-2: Strikes out looking
Batting: RHB Ricky Cordova 0-0: Ground out 6-3 (Groundball, 6, EV 101.9 MPH)
Batting: RHB Leo Candelas 0-0: Ball
1-0: Ground out 6-3 (Groundball, 6, EV 93.8 MPH)
Bottom of the 6th over - 0 runs, 0 hits, 0 errors, 0 left on base; Hudson Valley 1 - Mahoning Valley 5
TOP OF THE 7TH
Hudson Valley Renegades batting - Pitching for Mahoning Valley Scrappers : RHP Steven Costanza
Batting: RHB Alex Koral 0-0: Ball
1-0: Foul Ball, location: 2F
1-1: Called Strike
1-2: Ball
2-2: Ground out 4-3 (Groundball, 4, EV 83.8 MPH)
Batting: SHB Joshua Jackson 0-0: Called Strike
0-1: Ball
1-1: Foul Ball, location: 2F
1-2: Foul Ball, location: 2F
1-2: Foul Ball, location: 2F
1-2: Foul Ball, location: 2F
1-2: Hit by Pitch
Batting: LHB Jimmy Detrie 0-0: Ball
1-0: Fielders Choice at 2nd, 1-6 (Groundball, 13, EV 70.6 MPH)
Batting: RHB Jon Gonzales 0-0: Ball
Wild Pitch!
Jimmy Detrie to second
1-0: Called Strike
1-1: Ground out U3 (Groundball, 34, EV 106.9 MPH)
Top of the 7th over - 0 runs, 0 hits, 0 errors, 1 left on base; Hudson Valley 1 - Mahoning Valley 5
BOTTOM OF THE 7TH
Mahoning Valley Scrappers batting - Pitching for Hudson Valley Renegades : RHP Takenori Iwata
Batting: LHB Matt Steinke 0-0: Called Strike
0-1: Ground out U3 (Groundball, 3, EV 85.6 MPH)
Batting: RHB John Shaffer 0-0: Ball
1-0: Ball
2-0: Ground out 3-1 (Groundball, 34, EV 80.6 MPH)
Batting: RHB Jonathan Livingston 0-0: Called Strike
0-1: Foul Ball, location: 2F
0-2: Ball
1-2: Ball
2-2: Strikes out looking
Bottom of the 7th over - 0 runs, 0 hits, 0 errors, 0 left on base; Hudson Valley 1 - Mahoning Valley 5
TOP OF THE 8TH
Hudson Valley Renegades batting - Pitching for Mahoning Valley Scrappers : RHP Steven Costanza
Batting: RHB Mark Richert 0-0: SINGLE (Line Drive, 34, EV 96.9 MPH)
Batting: SHB Chris Lockart 0-0: Called Strike
0-1: Ball
1-1: Ball
2-1: Called Strike
2-2: Ball
3-2: Foul Ball, location: 2F
3-2: Fielders Choice at 2nd, 3-6 (Groundball, 3S, EV 91.9 MPH)
Batting: LHB Dan Hunt 0-0: Fly out, F6 (Line Drive, 4M, EV 65.0 MPH)
Batting: SHB Josif Popovski 0-0: Fly out, F7 (Flyball, 7S, EV 78.1 MPH)
Top of the 8th over - 0 runs, 1 hit, 0 errors, 1 left on base; Hudson Valley 1 - Mahoning Valley 5
BOTTOM OF THE 8TH
Mahoning Valley Scrappers batting - Pitching for Hudson Valley Renegades : RHP Takenori Iwata
Batting: RHB Michael Powell 0-0: Called Strike
0-1: Ball
1-1: Called Strike
1-2: Fly out, F8 (Flyball, 78S, EV 85.6 MPH)
Batting: RHB Jesus Montana 0-0: Ball
1-0: Swinging Strike
1-1: Fly out, F7 (Flyball, 7, EV 83.8 MPH)
Batting: RHB Jaquan Brown 0-0: Ball
1-0: Foul Ball, location: 2F
1-1: SINGLE (Groundball, 56S, EV 68.8 MPH) (infield hit)
Batting: RHB Juan Ordonez 0-0: Ball
1-0: Called Strike
1-1: Foul Ball, location: 2F
1-2: Foul Ball, location: 2F
1-2: Strikes out swinging
Bottom of the 8th over - 0 runs, 1 hit, 0 errors, 1 left on base; Hudson Valley 1 - Mahoning Valley 5
TOP OF THE 9TH
Hudson Valley Renegades batting - Pitching for Mahoning Valley Scrappers : RHP Steven Costanza
Pitching: RHP Danny Roe
Batting: LHB Jonathan Spino 0-0: Foul Ball, location: 2F
0-1: Ball
1-1: Ball
2-1: Ball
3-1: Base on Balls
Batting: RHB Alex Koral 0-0: Ball
1-0: Swinging Strike
1-1: Fly out, F9 (Flyball, 9D, EV 108.1 MPH)
Batting: SHB Joshua Jackson 0-0: Called Strike
0-1: Foul Ball, location: 2F
0-2: Fly out, F9 (Flyball, 9LS, EV 93.1 MPH)
Batting: LHB Jimmy Detrie 0-0: Ball
1-0: Called Strike
1-1: Called Strike
1-2: Foul Ball, location: 2F
1-2: Strikes out looking
Top of the 9th over - 0 runs, 0 hits, 0 errors, 1 left on base; Hudson Valley 1 - Mahoning Valley 5
Tuesday, March 28th , 2023 - OOTP Baseball 23.10 Build 110